 Dungeon Crawl Stone Soup version 0.32-a0-675-gdc239d62e1 (webtiles) character file.

Game seed: 2398145313819229870

4000 zenocrate the Thaumaturge (level 10, -14/50 HPs)
             Began as a Deep Elf Earth Elementalist on Mar 11, 2024.
             Was a Priest of Vehumet.
             Demolished by a two-headed ogre
             ... wielding a +0 giant spiked club
              (18 damage)
             ... on level 8 of the Dungeon.
             The game lasted 00:20:41 (6865 turns).

zenocrate the Thaumaturge (DEEE)                    Turns: 6865, Time: 00:20:42

Health: -14/50     AC:  6    Str:  8    XL:     10   Next: 3%
Magic:  21/26      EV: 22    Int: 29    God:    Vehumet [***...]
Gold:   1446       SH:  0    Dex: 15    Spells: 6/29 levels left

rFire   . . .        b - staff of cold
rCold   + . .        (no shield)
rNeg    . . .        m - +0 leather armour of Qeileev {rElec Str+3 Int+4 Slay-4}
rPois   .            d - +1 helmet
rElec   +            l - +0 cloak
rCorr   .            (no gloves)
SInv    .            (no boots)
Will    +....        j - amulet of magic regeneration
Stlth   ++           e - +5 ring of evasion
HPRegen 0.28/turn    B - +5 ring of evasion
MPRegen 0.60/turn

%: no passive effects
@: no status effects
A: no striking features
a: Renounce Religion


You were on level 8 of the Dungeon.
You worshipped Vehumet.
Vehumet was most pleased with you.
You visited 2 branches of the dungeon, and saw 9 of its levels.
You also visited: Ossuary.

You collected 1446 gold pieces.

Inventory:

Armour
 d - a +1 helmet (worn)
 l - a +0 cloak (worn)
 m - the +0 leather armour of Qeileev (worn) {rElec Str+3 Int+4 Slay-4}
   (You found it on level 3 of the Dungeon)

   Str+3:     It affects your strength (+3).
   Int+4:     It affects your intelligence (+4).
   Slay-4:    It affects your accuracy & damage with ranged weapons and melee
   (-4).
   rElec:     It insulates you from electricity.
 z - a +1 robe of willpower
Magical Staves
 a - a staff of alchemy
 b - a staff of cold (weapon)
Jewellery
 e - a +5 ring of evasion (left hand)
 j - an amulet of magic regeneration (around neck)
 q - a ring of poison resistance
 x - a +6 ring of strength
 A - a +6 ring of dexterity
 B - a +5 ring of evasion (right hand)
 C - a ring of flight
Wands
 n - a wand of flame (22)
 D - a wand of charming (10)
 E - a wand of roots (8)
Scrolls
 c - a scroll of teleportation
 k - a scroll of silence
 o - a scroll of revelation {unknown}
 r - a scroll of poison {unknown}
 u - a scroll of vulnerability
 y - a scroll of blinking {unknown}
Potions
 f - 3 potions of magic
 g - 2 potions of curing
 h - 2 potions of enlightenment
 i - a potion of brilliance
 p - 3 potions of haste {unknown}
 s - 2 potions of ambrosia
 t - 2 potions of might
 v - 2 potions of cancellation
 w - a potion of lignification {unknown}
 F - 2 potions of mutation {unknown}
 G - 2 potions of attraction {unknown}


   Skills:
 - Level 2.0 Staves
 - Level 2.4 Dodging
 - Level 2.9 Stealth
 + Level 10.1 Spellcasting
 + Level 8.1 Conjurations
 + Level 9.3 Earth Magic
 + Level 5.9 Evocations


You had 6 spell levels left.
You knew the following spells:

 Your Spells              Type           Power      Damage    Failure   Level
a - Stone Arrow           Conj/Erth      100%       3d13      1%          3
b - Sandblast             Erth           100%       2d20      1%          1
c - Leda's Liquefaction   Alch/Erth      20%        N/A       8%          4
d - Lehudib's Crystal Sp  Conj/Erth      30%        10d8      90%         8
w - Passwall              Erth           62%        N/A       1%          3
z - Passage of Golubria   Tloc           14%        N/A       47%         4

Your spell library contained the following spells:

 Spells                   Type           Power      Damage    Failure   Level
 Static Discharge         Conj/Air       76%        3-7/arc   1%          2
 Brom's Barrelling Bould  Conj/Erth      60%        2d8       1%          4
 Frozen Ramparts          Ice            44%        1d7       4%          3
 Animate Armour           Summ/Erth      82%        N/A       8%          4
 Petrify                  Alch/Erth      41%        N/A       8%          4
 Metabolic Englaciation   Hex/Ice        11%        N/A       83%         5
 Silence                  Hex/Air        7%         N/A       83%         5


Dungeon Overview and Level Annotations

Branches:
Dungeon (8/15)             Temple (1/1) D:4         Ossuary (visited)
   Lair: D:8-11

Altars:
Ashenzari
Cheibriados
Dithmenos
Elyvilon
Fedhas
Gozag
Hepliaklqana
Kikubaaqudgha
Makhleb
Nemelex Xobeh
Okawaru
Qazlal
Ru
Sif Muna
Trog
Uskayaw
Vehumet
Wu Jian
Xom
Yredelemnul
Zin
The Shining One

Shops:
D:6 (


Message History

Unknown command.
Items here: )) [[.
No target in view!
Things that are here:
a +0 scimitar; a +0 robe
Found 5 stones.
No target in view!
You see here 5 stones.
There is a stone staircase leading down here.
A two-headed ogre comes into view.
It is wielding two +0 giant spiked clubs.
A two-headed ogre is nearby!
The two-headed ogre shouts in stereo!
The two-headed ogre hits you with a +0 giant spiked club!!
Ouch! That really hurt!
The two-headed ogre hits you with a +0 giant spiked club!
* * * LOW HITPOINT WARNING * * *
Unknown command.
Casting: Stone Arrow (safe; 1% risk of failure)
Confirm with . or Enter, or press ? or * to list all spells.
Okay, then.
Okay, then.
Okay, then.
Casting: Stone Arrow (safe; 1% risk of failure)
Confirm with . or Enter, or press ? or * to list all spells.
Aiming: Stone Arrow (safe; 1% risk of failure)
Press: ? - help, Shift-Dir - straight line, f - two-headed ogre
Aim: a two-headed ogre, wielding two +0 giant spiked clubs (89% to hit)
The stone arrow hits the two-headed ogre!!
The two-headed ogre is heavily wounded.
Unknown command.
Casting: Stone Arrow (safe; 1% risk of failure)
Confirm with . or Enter, or press ? or * to list all spells.
Aiming: Stone Arrow (safe; 1% risk of failure)
Press: ? - help, Shift-Dir - straight line, f/p - two-headed ogre
Aim: a two-headed ogre, wielding two +0 giant spiked clubs (heavily wounded, 89% to hit)
The stone arrow hits the two-headed ogre!
The two-headed ogre is severely wounded.
The two-headed ogre barely misses you.
The two-headed ogre hits you with a +0 giant spiked club!!
You die...

####
###############
)).#
#.............#
##.#
#.###########.# #.#
#######.# #.# #.#
#....O@.# #>#
##.########.#######
#.# ..........
############.#
##.#######
#####..........#.#
##.####
#.(...########.#.#
......# #.#####
##.#.#
##.##.########.#
##.#..#
##.##..........#
######.###.###
...#############
#.....## ##...


You could see a two-headed ogre.

Vanquished Creatures
  Maurice (D:8)
  Joseph (D:8)
  A wyvern (D:7)
  A steam dragon (D:8)
  A water moccasin (D:7)
  2 black bears
  2 sky beasts
  2 orc warriors (D:7)
  2 ogres
  A kobold brigand (D:7)
  4 bullfrogs
  2 elf skeletons (D:7)
  2 water moccasin zombies (Ossuary)
  11 wights
  A burial acolyte (Ossuary)
  2 bombardier beetles
  7 hounds
  A human zombie (D:7)
  A jelly (D:3)
  A gnoll bouda (D:4)
  3 orc priests (D:7)
  3 iguanas
  3 human skeletons (D:7)
  2 sleepcaps
  An orc wizard (D:4)
  2 crocodile zombies (Ossuary)
  A bullfrog simulacrum (Ossuary)
  2 mummies (Ossuary)
  4 gnolls (D:4)
  7 adders
  2 white imps
  2 ufetubi (D:6)
  An adder zombie (Ossuary)
  3 dart slugs
  22 orcs
  6 ball pythons
  7 endoplasms
  4 giant cockroaches (D:1)
  6 gnoll zombies (Ossuary)
  10 goblins
  5 hobgoblins
  14 kobolds
  2 quokkas (D:1)
  6 bats
  2 frilled lizards
  4 jackal zombies (Ossuary)
  6 orc zombies (Ossuary)
  2 rats (D:1)
178 creatures vanquished.

Notes
Turn   | Place    | Note
-------+----------+-------------------------------------------
     0 | D:1      | zenocrate the Deep Elf Earth Elementalist began the quest
                  | for the Orb.
     0 | D:1      | Reached XP level 1. HP: 10/10 MP: 6/6
   152 | D:1      | Reached XP level 2. HP: 15/15 MP: 4/8
   437 | D:1      | Reached XP level 3. HP: 19/19 MP: 10/10
   441 | D:1      | Learned a level 3 spell: Stone Arrow
  1397 | D:2      | Reached skill level 1 in Staves
  1397 | D:2      | Reached skill level 4 in Spellcasting
  1397 | D:2      | Reached XP level 4. HP: 5/24 MP: 4/12
  1701 | D:2      | Learned a level 3 spell: Passwall
  1894 | D:3      | Reached XP level 5. HP: 28/28 MP: 11/13
  1986 | D:3      | Identified the +0 leather armour of Qeileev {rElec Str+3
                  | Int+4 Slay-4}
  2621 | D:4      | Reached skill level 1 in Evocations
  2712 | D:4      | Reached skill level 5 in Spellcasting
  2712 | D:4      | Reached XP level 6. HP: 32/32 MP: 15/15
  2781 | D:4      | Reached skill level 5 in Earth Magic
  2944 | D:4      | Found a bloodstained altar of Trog.
  2986 | D:4      | Found a staircase to the Ecumenical Temple.
  3019 | Temple   | Entered the Ecumenical Temple
  3028 | Temple   | Became a worshipper of Vehumet
  3133 | D:4      | Reached XP level 7. HP: 34/36 MP: 15/17
  3257 | D:5      | Entered Level 5 of the Dungeon
  3338 | D:5      | Reached skill level 6 in Spellcasting
  4362 | D:6      | Reached skill level 5 in Conjurations
  4427 | D:6      | Reached XP level 8. HP: 37/41 MP: 12/20
  4436 | D:6      | Learned a level 8 spell: Lehudib's Crystal Spear
  4825 | D:6      | Found Hyss's Weapon Shop.
  5014 | D:7      | Reached skill level 7 in Spellcasting
  5124 | D:7      | Identified a scroll of acquirement
  5124 | D:7      | Acquired 960 gold pieces
  5204 | D:7      | Found a sand-covered staircase.
  5210 | D:7      | Reached * piety under Vehumet
  5210 | D:7      | Offered knowledge of Shock by Vehumet.
  5214 | Ossuary  | Entered an ossuary
  5421 | Ossuary  | Reached skill level 8 in Spellcasting
  5522 | Ossuary  | Learned a level 4 spell: Passage of Golubria
  5584 | D:7      | Reached ** piety under Vehumet
  5668 | D:7      | Offered knowledge of Momentum Strike by Vehumet.
  5695 | D:7      | Reached XP level 9. HP: 14/45 MP: 5/23
  6044 | D:7      | Reached skill level 9 in Spellcasting
  6335 | D:8      | Noticed Joseph
  6341 | D:8      | Noticed Maurice
  6351 | D:8      | Killed Joseph
  6352 | D:8      | Reached skill level 5 in Evocations
  6377 | D:8      | Killed Maurice
  6549 | D:8      | Offered knowledge of Static Discharge by Vehumet.
  6550 | D:8      | Reached skill level 10 in Spellcasting
  6593 | D:8      | Learned a level 4 spell: Leda's Liquefaction
  6742 | D:8      | Reached XP level 10. HP: 50/50 MP: 20/26
  6743 | D:8      | Reached *** piety under Vehumet
  6862 | D:8      | Noticed a two-headed ogre
  6865 | D:8      | Demolished by a two-headed ogre

Illustrated notes

Levels and vault maps discovered:
D:1:      mainiacjoe_arrival_oval_in_oval, layout_basic, minmay_hexomino_c4
D:2:      layout_rooms, roderic_lattice_a, minmay_misc_feat_rugged
D:3:      layout_loops_ring, serial_glass, glass_columns_a, glass_columns_c,
          minmay_misc_feat_cross
D:4:      layout_loops_ring, general_overflow_altar, minmay_temple_entry_ruins
D:5:      layout_gridville
D:6:      layout_loops_cross, serial_shops, shop
D:7:      layout_loops_cross, nicolae_ossuary_entry_catacombs,
          amcnicky_mini_pool_small
D:8:      layout_loops_ring, uniq_joseph, uniq_maurice
Temple:   nicolae_temple_the_god_donut

Skill      XL: |  1  2  3  4  5  6  7  8  9 |
---------------+----------------------------+-----
Conjurations   | 2 3 4 5 6 8 |  8.1
Staves         | 1 2 |  2.0
Spellcasting   | 4 5 6 8 10 | 10.1
Earth Magic    | 4 5 6 8 9 |  9.3
Evocations     | 1 2 3 5 |  5.9
Dodging        | |  2.4
Stealth        | |  2.9

Action                     |  1- 3 |  4- 6 |  7- 9 | 10-12 || total
---------------------------+-------+-------+-------+-------++-------
  Melee: Staff             |    25 |    14 |    22 |       ||    61
   Cast: Sandblast         |    43 |    64 |     9 |       ||   116
         Stone Arrow       |     2 |     3 |   166 |     4 ||   175
    Use: Scroll            |       |     4 |    13 |       ||    17
         Potion            |       |       |     7 |       ||     7
   Stab: Sleeping          |     1 |     2 |       |       ||     3
 Armour: Robe              |    15 |     2 |       |       ||    17
         Leather armour    |       |    19 |    43 |     3 ||    65
  Dodge: Dodged            |    27 |    42 |    95 |     1 ||   165

Table legend: (Time is in decaauts)
 A = Elapsed time spent in this place.
 B = Non-inter-level travel time spent in this place.
 C = Inter-level travel time spent in this place.
 D = Time resting spent in this place.
 E = Time spent auto-exploring this place.
 F = Levels seen in this place.
 G = Mean time per level.
                   A        B        C        D        E       F      G
               +--------+--------+--------+--------+--------+-----+--------+
         Total |   6930 |   6714 |    216 |      0 |   5565 |  10 |  693.0 |
       Dungeon |   6600 |   6398 |    202 |      0 |   5323 |   8 |  825.0 |
        Temple |     17 |      3 |     14 |      0 |      0 |   1 |   17.0 |
       Ossuary |    312 |    312 |      0 |      0 |    242 |   1 |  312.0 |
               +--------+--------+--------+--------+--------+-----+--------+

Top non-repeatable levels by time:
     D:5: 1078 daAuts
     D:2: 890 daAuts
     D:1: 866 daAuts
     D:7: 845 daAuts
     D:3: 831 daAuts
     D:8: 738 daAuts
     D:4: 707 daAuts
     D:6: 640 daAuts
 Ossuary: 312 daAuts
  Temple: 17 daAuts
